 Dungeon Crawl Stone Soup version 0.19-b1-4-gd8a0a2a (webtiles) character file.

352 dohliylev the Covert (level 6, -1/46 HPs)
             Began as a Vampire Assassin on Oct 30, 2016.
             Slain by a hound skeleton (4 damage)
             ... on level 4 of the Dungeon.
             The game lasted 00:12:14 (3508 turns).

dohliylev the Covert (Vampire Assassin)             Turns: 3508, Time: 00:12:15

Health: -1/46      AC:  3    Str: 10    XL:     6   Next: 35%
Magic:  6/6        EV: 13    Int: 13    God:
Gold:   196        SH:  0    Dex: 18    Spells: 0 memorised, 5 levels left

rFire  . . .     SeeInvis +     a - +2 dagger
rCold  + . .     Gourm    .     c - +0 robe
rNeg   + + .     Faith    .     (no shield)
rPois  +         Spirit   .     (no helmet)
rElec  .         Reflect  .     j - +0 cloak
rCorr  .         Harm     .     (no gloves)
MR     .....                    (no boots)
Stlth  +++++.....               (no amulet)
                                (no ring)
                                p - ring of see invisible

@: regenerating slowly
A: fangs 3, see invisible, unbreathing
a: Bat Form


You were on level 4 of the Dungeon.
You were thirsty.

You visited 1 branch of the dungeon, and saw 4 of its levels.

You collected 196 gold pieces.

Inventory:

Hand Weapons
 a - a +2 dagger (weapon)
 b - a +0 blowgun
 m - a cursed -2 rapier
 t - a +0 scythe
Missiles
 d - 6 tomahawks (quivered)
Armour
 c - a +0 robe (worn)
 j - a +0 cloak (worn)
 q - a +0 large shield
 u - a +0 robe
Jewellery
 p - a ring of see invisible (left hand)
Wands
 r - a wand of random effects (37/48)
Scrolls
 h - a scroll of remove curse {unknown}
 i - 2 scrolls of teleportation {unknown}
 l - a scroll of immolation {unknown}
 w - a scroll of identify {unknown}
 x - a scroll of random uselessness {unknown}
Potions
 g - 14 potions of blood
 k - 2 potions of ambrosia {unknown}
 n - a potion of berserk rage {unknown}
 o - a potion of cure mutation {unknown}
 s - a potion of heal wounds {unknown}
 v - a potion of degeneration {unknown}
 z - a potion of mutation {unknown}
Books
 y - a book of Cantrips

   Spells                             Type                      Level
   a - Confusing Touch                Hexes                        1
   b - Animate Skeleton               Necromancy                   1
   c - Summon Small Mammal            Summoning                    1
   d - Apportation                    Translocation                1


   Skills:
 + Level 2.5 Fighting
 + Level 3.6 Short Blades
 + Level 2.2 Throwing
 + Level 1.9 Dodging
 * Level 9.6 Stealth


You had 5 spell levels left.
You didn't know any spells.

Dungeon Overview and Level Annotations

Branches:
Dungeon (4/15)
 Temple: D:4-7

Altars:
Gozag


Innate Abilities, Weirdness & Mutations

You heal slowly.
You have razor-sharp teeth.
You have supernaturally acute eyesight. (SInv)
You can survive without breathing.


Message History

The hound skeleton bites you but does no damage.
The orc wizard hits you with a dagger.
The orc wizard points at you and mumbles some strange words.
You resist with some effort.
You hit the orc wizard.
You kill the orc wizard!
The hound skeleton bites you. The orc wizard completely misses you.
You hit the orc wizard.
The orc wizard is almost dead.
The orc wizard gestures at you while chanting.
The magic dart hits you!
* * * LOW HITPOINT WARNING * * *
The hound skeleton bites you.
* * * LOW HITPOINT WARNING * * *
The orc wizard hits you with a dagger.
* * * LOW HITPOINT WARNING * * *
You hit the orc wizard.
You kill the orc wizard!
The hound skeleton bites you.
You die...

....# ....# ...........(..
....# ............. ....#
.........(.. ....#
........... ....# ......(.
....# ..... ##'## #Z)#
...#######.####)@#####+##
........................#
........................#
.>......................#
........................#
.....###...##########..####
.....#########...####..#..#
.............#............#
.............#............#


You could see a hound skeleton.

Vanquished Creatures
  Sigmund (D:3)
  2 orc wizards (D:4)
  A worker ant (D:4)
  3 adders
  An adder skeleton (D:4)
  A worm (D:2)
  A dart slug (D:3)
  4 leopard geckos
  2 orcs (D:4)
  A ball python (D:3)
  A giant cockroach (D:1)
  8 goblins
  10 hobgoblins
  8 jackals
  6 kobolds
  2 quokkas
  7 bats
  5 frilled lizards
  5 rats
69 creatures vanquished.

Notes
Turn   | Place    | Note
-------+----------+-------------------------------------------
     0 | D:1      | dohliylev the Vampire Assassin began the quest for the Orb.
     0 | D:1      | Reached XP level 1. HP: 16/16 MP: 1/1
    15 | D:1      | Reached skill level 6 in Stealth
   102 | D:1      | Reached XP level 2. HP: 20/22 MP: 2/2
   707 | D:1      | Reached XP level 3. HP: 27/27 MP: 3/3
   717 | D:1      | Reached skill level 7 in Stealth
  1592 | D:2      | Reached XP level 4. HP: 33/33 MP: 4/4
  1764 | D:3      | Found an opulent altar of Gozag.
  1876 | D:3      | Noticed Sigmund
  2004 | D:3      | Killed Sigmund
  2004 | D:3      | Reached skill level 9 in Stealth
  2004 | D:3      | Reached XP level 5. HP: 39/39 MP: 5/5
  2447 | D:4      | Reached XP level 6. HP: 46/46 MP: 6/6
  3508 | D:4      | Slain by a hound skeleton

Skill      XL: |  1  2  3  4 |
---------------+-------------+-----
Stealth        | 6 7 9 |  9.6
Fighting       | 2 |  2.5
Short Blades   | 3 |  3.6
Throwing       | 2 |  2.2
Dodging        | |  1.9

Action                   |  1- 3 |  4- 6 || total
-------------------------+-------+-------++-------
Melee: Dagger            |   126 |    76 ||   202
       Bite              |     5 |     8 ||    13
 Fire: Blowgun           |     8 |     9 ||    17
 Abil: End Transformatio |       |     2 ||     2
       Bat Form          |       |     2 ||     2
  Use: Potion            |     3 |       ||     3
 Stab: Sleeping          |    15 |     5 ||    20
       Distracted        |     1 |       ||     1
  Eat: Corpse            |     8 |     1 ||     9
Armor: Robe              |    22 |     9 ||    31
Dodge: Dodged            |    82 |    42 ||   124
